 Dungeon Crawl Stone Soup version 0.19.0-19-g8c6edcc (webtiles) character file.

229 Minion the Ducker (level 5, 0/24 HPs)
             Began as a Felid Berserker on Nov 12, 2016.
             Was a Believer of Trog.
             Slain by an orc
             ... wielding a +0 club
              (4 damage)
             ... on level 4 of the Dungeon.
             The game lasted 00:08:08 (2773 turns).

Minion the Ducker (Felid Berserker)                 Turns: 2773, Time: 00:08:08

Health: 0/24       AC:  1    Str: 13    XL:     5   Next: 71%
Magic:  6/6        EV: 22    Int:  8    God:    Trog [**....]
Gold:   136        SH:  0    Dex: 17    Spells: 0 memorised, 4 levels left
                                        Lives:  0   Deaths: 1

rFire  . . .     SeeInvis +       - Unarmed
rCold  . . .     Gourm    .     (armour unavailable)
rNeg   + . .     Faith    .     (shield unavailable)
rPois  .         Spirit   .     (helmet unavailable)
rElec  .         Reflect  .     (cloak unavailable)
rCorr  .         Harm     .     (gloves unavailable)
MR     .....                    (boots unavailable)
Stlth  ++++......               (no amulet)
                                (no ring)
                                m - ring of positive energy

@: exhausted, slowed, slow
A: no armour, no weapons or thrown items, stealth, claws 1, fangs 3, see
invisible, carnivore 3, speed 1, shaggy fur 1, slow metabolism 1, sharp paws
a: Berserk, Trog's Hand, Burn Spellbooks, Renounce Religion


You were on level 4 of the Dungeon.
You worshipped Trog.
Trog was pleased with you.
You were very full.

You visited 1 branch of the dungeon, and saw 4 of its levels.

You collected 136 gold pieces.

Inventory:

Jewellery
 m - a ring of positive energy (left paw)
Wands
 n - a wand of flame (14/48)
Scrolls
 b - a scroll of enchant armour {unknown}
 c - a scroll of fear {unknown}
 d - 3 scrolls of identify
 e - a scroll of teleportation
 j - a scroll of remove curse {unknown}
 p - a scroll of noise {unknown}
 r - a scroll of fog {unknown}
Potions
 f - 2 potions of heal wounds {unknown}
 g - 3 potions of flight
 h - a potion of resistance {unknown}
 i - 2 potions of cancellation {unknown}
 l - a potion of beneficial mutation {unknown}
 q - a potion of lignification {unknown}
 s - a potion of brilliance {unknown}
Books
 k - a book of Cantrips

   Spells                             Type                      Level
   a - Confusing Touch                Hexes                        1
   b - Animate Skeleton               Necromancy                   1
   c - Summon Small Mammal            Summoning                    1
   d - Apportation                    Translocation                1
   Trog disapproves of the use of such an item.
Comestibles
 a - 2 meat rations
 o - a slice of pizza


   Skills:
 - Level 3.0 Fighting
 + Level 6.3 Dodging
 + Level 5.5 Stealth
 + Level 4.6 Unarmed Combat


You had 4 spell levels left.
You didn't know any spells.

Dungeon Overview and Level Annotations

Branches:
Dungeon (4/15)
 Temple: D:4-7

Altars:
Fedhas


Innate Abilities, Weirdness & Mutations

You cannot wear armour.
You are incapable of wielding weapons or throwing items.
Your paws allow you to move quietly. (Stealth)
You have sharp claws.
You have razor-sharp teeth.
You have supernaturally acute eyesight. (SInv)
You are carnivorous and can eat meat at any time.
You cover ground quickly.
You are covered in fur. (AC +1)
You have a slow metabolism.
Your sharp claws are effective at attacking unaware monsters.


Message History

You start eating one of the 3 chunks of flesh.
This raw flesh tastes great.
Eating one of 2 chunks of flesh.
You start eating one of the 2 chunks of flesh.
This raw flesh tastes great.
Eating a chunk of flesh.
You start eating the chunk of flesh.
This raw flesh tastes great.
An orc comes into view. It is wielding a club.
Things that are here:
a dagger; a robe; an orc corpse You scratch the orc.
The orc is almost dead.
The orc misses you. The orc closely misses you.
You closely miss the orc.
The orc is almost dead.
The orc closely misses you.
You scratch the orc.
You kill the orc!
Trog accepts your kill.
You barely miss the orc. The orc hits you with a club.
You die...

######..#####.#
#...........#.# #..
#.####..###.#.# #.. #.#
#..###.#.###.#.# ##.#
#..............# ##.#
##.####.#.###.##
##.###...###.#.# #.#
.......#...(...###.#######
##.###...###....@o...).).#
##.# ##.##
#.#.###.....[....# ##(# .#
#.#.# #..####.#### #.# .#
#.#.##..... .# #.. .. .
#.....#.## ## ### .# #
####....# #..### #..# #..


You could see an orc.

Vanquished Creatures
  An ogre (D:4)
  A centaur skeleton (D:4)
  A gnoll shaman (D:4)
  2 orc wizards (D:4)
  3 adders
  5 gnolls (D:4)
  2 worms (D:3)
  4 leopard geckos
  3 orcs
  4 bats
  4 giant cockroaches
  3 goblins
  3 hobgoblins
  9 jackals
  A quokka (D:2)
  A ball python (D:1)
  3 frilled lizards
  A kobold (D:2)
  19 rats
70 creatures vanquished.

Notes
Turn   | Place    | Note
-------+----------+-------------------------------------------
     0 | D:1      | Minion the Felid Berserker began the quest for the Orb.
     0 | D:1      | Reached XP level 1. HP: 10/10 MP: 2/2
   217 | D:1      | Found a blossoming altar of Fedhas.
   318 | D:1      | Reached skill level 1 in Stealth
   565 | D:1      | Reached XP level 2. HP: 14/14 MP: 3/3
   834 | D:2      | Reached XP level 3. HP: 7/17 MP: 4/4
   840 | D:2      | Reached ** piety under Trog
  1462 | D:3      | Reached skill level 5 in Dodging
  1585 | D:3      | Reached XP level 4. HP: 21/21 MP: 5/5
  1947 | D:4      | Noticed an ogre
  1952 | D:4      | Killed an ogre
  1952 | D:4      | Reached XP level 5. HP: 24/24 MP: 6/6
  2288 | D:4      | Slain by a gnoll shaman
  2289 | D:4      | Reached XP level 4. HP: -1/21 MP: 5/5
  2327 | D:4      | Reached skill level 5 in Stealth
  2524 | D:4      | Reached skill level 6 in Dodging
  2524 | D:4      | Reached XP level 5. HP: 10/24 MP: 6/6
  2773 | D:4      | Slain by an orc

Skill      XL: |  1  2  3  4 |
---------------+-------------+-----
Stealth        | 1 2 3 5 |  5.5
Dodging        | 5 6 |  6.3
Unarmed Combat | 4 |  4.6
Fighting       | |  3.0

Action                   |  1- 3 |  4- 6 || total
-------------------------+-------+-------++-------
Melee: Unarmed           |    99 |    86 ||   185
       Bite              |     7 |     9 ||    16
       Punch             |       |     2 ||     2
Invok: Berserk           |       |     2 ||     2
  Use: Scroll            |       |     2 ||     2
 Stab: Sleeping          |    11 |     5 ||    16
  Eat: Chunk             |     8 |     8 ||    16
Armor: Skin              |     4 |     1 ||     5
Dodge: Dodged            |    60 |    77 ||   137
